 Dungeon Crawl Stone Soup version 0.14-a0-2374-ge879b5e (webtiles) character file.

99063 HollowCharge the Phalangite (level 16, -3/130 (133) HPs)
             Began as a Merfolk Fighter on Jan 31, 2014.
             Was the Champion of the Shining One.
             Slain by a tentacled starspawn (5 damage)
             ... on Level 1 of the Abyss on Feb 1, 2014.
             The game lasted 04:06:18 (36599 turns).

HollowCharge the Phalangite (Merfolk Fighter)      Turns: 36599, Time: 04:06:18

HP  -3/130 (133) AC 15     Str 17      XL: 16   Next: 17%
MP  16/16        EV 23     Int  7      God: the Shining One [******]
Gold 2522        SH 27     Dex 20      Spells:  0 memorised, 15 levels left

rFire  + + +     SeeInvis +     R - +3,+0 trident of the Traitor {pierce, +Fly rPois rF+ SInv}
rCold  . . .     Clarity  .     l - +5 ring mail {rF+}
rNeg   + + +     Conserve .     c - +0 shield
rPois  +         rCorr    +     C - +2 dwarf helmet
rElec  .         rRot     .     m - +2 cloak {rPois}
SustAb + .       Spirit   .     y - -1 pair of gloves
rMut   .         Warding  .     B - +0 pair of orc boots {+Jump}
Saprov . . .     Stasis   .     d - cursed amulet of resist corrosion
MR     +....                    I - ring of sustain abilities
                                P - ring of regeneration

@: very slightly contaminated, hasted, glowing, very quick, somewhat resistant
to hostile enchantments, very unstealthy
A: change form in water, swift swim, deformed body, fire resistance 1
a: Divine Shield, Cleansing Flame, Summon Divine Warrior, Renounce Religion,
Evoke Flight, Evoke Jump Attack


You were on level 1 of the Abyss.
You worshipped the Shining One.
The Shining One was exalted by your worship.
You were not hungry.

You visited 3 branches of the dungeon, and saw 26 of its levels.
You visited the Abyss 1 time.
You also visited: Bailey.

You collected 2848 gold pieces.
You spent 326 gold pieces at shops.

Inventory:

Hand weapons
 a - a +2,+1 trident
 e - a +0,+2 orcish trident of flaming
 R - the +3,+0 trident of the Traitor (weapon) {pierce, +Fly rPois rF+ SInv}
   (You found it on level 1 of the Lair of Beasts)

   It inflicts extra damage upon your enemies.
   It protects you from fire.
   It protects you from poison.
   It enhances your eyesight.
   It lets you fly.
Armour
 c - a +0 shield (worn)
 l - a +5 ring mail of fire resistance (worn)
 m - a +2 cloak of poison resistance (worn)
 y - a -1 pair of gloves (worn)
 B - a +0 pair of orcish boots of jumping (worn)
 C - a +2 dwarven helmet (worn)
Magical devices
 f - a wand of flame (11)
 j - a wand of polymorph (6)
 k - a wand of digging (6)
 A - a wand of disintegration (18)
 J - a wand of slowing (14)
 M - a wand of fire (7) {unknown}
Comestibles
 i - a rotting chunk of yak flesh
 n - 3 rotting chunks of wyvern flesh
 o - a rotting chunk of rat flesh
 s - 4 chokos
 v - 2 chunks of raiju flesh
 x - 3 chunks of blink frog flesh
 D - 3 bread rations
 S - 11 grapes
 T - 3 pears
Scrolls
 Q - 2 scrolls of recharging
 Z - a scroll of remove curse
Jewellery
 d - a cursed amulet of resist corrosion (around neck)
 g - a +2 ring of protection
 r - a cursed ring of teleportation {unknown}
 G - an uncursed ring of ice
 I - a ring of sustain abilities (right hand)
 N - an uncursed ring of fire
 P - a ring of regeneration (left hand)
 U - an uncursed ring of poison resistance
Potions
 b - 13 potions of curing
 h - 2 potions of brilliance
 p - 2 potions of restore abilities
 u - a potion of might
 w - 3 potions of magic
 F - a potion of speed
 L - a potion of flight
 V - a potion of agility
Books
 H - a book of Enchantments

   Spells                             Type                      Level
   Cause Fear                         Hexes                        4
   Silence                            Hexes/Air                    5
   Tukima's Dance                     Hexes                        5
   Deflect Missiles                   Charms/Air                   6
   Haste                              Charms                       6
   Discord                            Hexes                        8


   Skills:
 + Level 14.3 Fighting
 * Level 22.8 Polearms
 - Level 2.1 Armour
 + Level 15.9 Dodging
 + Level 12.9 Shields


You had 15 spell levels left.
You didn't know any spells.

Dungeon Overview and Level Annotations

Branches:
Dungeon (14/16)            Temple (0/1) D:6             Orc (4/4) D:11
    Elf (0/3) Orc:4          Lair (8/8) D:10          Swamp (0/5) Lair:3
 Spider (0/5) Lair:4        Slime (0/6) Lair:6       Vaults (0/5) D:14

Altars:
Fedhas
Kikubaaqudgha
Nemelex Xobeh
Sif Muna
Vehumet
Xom
Yredelemnul
Zin
The Shining One
Beogh
Jiyva

Shops:
D:8 }   Orc:1 =   Orc:4 :*([

Annotations:
Lair:6 Rupert


Innate Abilities, Weirdness & Mutations

You revert to your normal form in water.
You are very nimble and swift while swimming.
Armour fits poorly on your strangely shaped body.
Your flesh is heat resistant.


Message History

You hit the tentacled starspawn but do no damage.
The tentacled starspawn is severely damaged.
A tentacle flies out from the starspawn's body!
You hit the tentacled starspawn.
The tentacled starspawn is severely damaged.
You hit the tentacled starspawn.
The tentacled starspawn is severely damaged.
You block the tentacled starspawn's attack.
The tentacled starspawn engulfs you.
* * * LOW HITPOINT WARNING * * *
You hit the tentacled starspawn but do no damage.
The tentacled starspawn is severely damaged.
You puncture the tentacled starspawn!
The tentacled starspawn is severely damaged.
You hit the tentacled starspawn but do no damage.
The tentacled starspawn is severely damaged.
The tentacled starspawn bites you! The Shining One protects you from harm!
The tentacled starspawn engulfs you.
You die...

# .# #.#§ .# .
. # # .. ..#.
..#.#.# .. .#..
. .# .# ###.# .
# ..#@..# #
..#.X...# #.#§
#....w#.#....§s
###..##...
#..#..##.
#...##### #.
#.# ... ## . §


You could see a tentacled starspawn and a starspawn tentacle.

Vanquished Creatures
  A lich (Abyss:1)
  A ghoul (Abyss:1)
  An orc warlord (Orc:3)
  2 vault guards (D:14)
  A fire dragon (Lair:3)
  Fannar (Lair:1)
  3 hydras
  Erica (Lair:1)
  An anaconda (D:13)
  The ghost of vev the Grappler, an experienced OgMo (D:7)
  3 death yaks (Abyss:1)
  4 orc high priests (Orc:4)
  Nergalle (Lair:8)
  A centaur warrior (D:14)
  A hell hog (Abyss:1)
  3 skeletal warriors (D:12)
  A flayed ghost (Abyss:1)
  An unseen horror (D:14)
  3 large abominations (Abyss:1)
  A wizard (D:14)
  An anaconda skeleton (Abyss:1)
  2 hill giants
  A flaming corpse (Abyss:1)
  4 orc sorcerers (Orc:4)
  4 orc knights
  A hellion (Abyss:1)
  A sixfirhy (Abyss:1)
  A cyclops (D:14)
  2 spiny worms (Lair:8)
  3 black mambas
  Maurice (D:8)
  2 griffons
  17 elephants
  An item mimic (D:14)
  A fire drake (Lair:6)
  14 spiny frogs
  10 raiju (Abyss:1)
  4 komodo dragons
  A centaur zombie (D:14)
  5 trolls
  A queen bee (D:10)
  A demonic crawler (Abyss:1)
  2 giant leeches (D:13)
  A spriggan (D:7)
  A two-headed ogre (D:8)
  A boulder beetle (Lair:7)
  3 ancient zymes (Abyss:1)
  8 polar bears
  4 slime creatures (D:14)
  9 grizzly bears (Lair:8)
  A trapdoor spider (D:13)
  A wraith (D:13)
  A shadow (D:14)
  15 blink frogs
  A ynoxinul (Abyss:1)
  20 ugly things
  A vampire (D:14)
  A chaos spawn (Abyss:1)
  5 sharks (D:13)
  2 water elementals (D:13)
  2 wyverns
  51 yaks
  A hill giant zombie (D:13)
  A steam dragon (D:11)
  An air elemental (Abyss:1)
  Eustachio (D:7)
  2 vampire mosquitoes (D:12)
  12 hippogriffs
  2 manticores
  24 wolves
  16 humans (D:14)
  4 hell hounds (Lair:8)
  5 sky beasts
  6 small abominations (Abyss:1)
  2 ice beasts (D:10)
  34 orc warriors
  2 soldier ants
  11 ogres
  2 yellow wasps
  A swamp drake (Abyss:1)
  9 black bears
  2 orc zombies (Orc:4)
  11 porcupines
  10 centaurs
  2 boring beetles
  15 crocodiles
  The ghost of Herrn the Skirmisher, an average DjFi (D:3)
  2 giant goldfish (D:13)
  Sigmund (D:3)
  Duvessa (D:8)
  2 big kobolds
  13 water moccasins
  9 giant slugs
  10 wargs
  Blork the orc (D:8)
  22 giant frogs
  6 agate snails
  5 insubstantial wisps (Abyss:1)
  An eye of draining (Abyss:1)
  A troll skeleton (D:10)
  22 wights
  4 electric eels (D:13)
  Dowan (D:8)
  7 killer bees (D:10)
  2 big fish (D:13)
  2 centaur skeletons
  A giant frog zombie (D:5)
  5 goliath beetles
  8 jellies
  17 orc priests
  6 crimson imps
  An iron imp (Abyss:1)
  12 iguanas
  21 orc wizards
  8 worker ants
  23 hounds
  An orange rat (D:10)
  6 scorpions
  35 sheep
  Ijyb (D:3)
  3 ogre skeletons
  An ogre zombie (D:5)
  A big kobold skeleton (D:7)
  A human simulacrum (D:10)
  A mummy (D:12)
  25 adders
  6 gnolls
  12 giant centipedes
  52 green rats
  5 giant mites
  An inept item mimic (D:3)
  15 white imps
  3 worms
  An iguana zombie (D:5)
  An adder skeleton (D:5)
  3 giant eyeballs
  5 giant geckos
  An ooze (D:4)
  155 orcs
  A ball python (D:3)
  7 giant cockroaches
  31 goblins
  19 hobgoblins
  39 jackals
  23 bats
  2 giant gecko skeletons (D:4)
  6 giant newts
  A hobgoblin zombie (D:7)
  A jackal zombie (D:7)
  28 kobolds
  A kobold zombie (D:6)
  15 quokkas
  13 rats
  A rat skeleton (D:4)
  A spectral orc (Lair:8)
  2 ballistomycetes (D:14)
  A bush (Lair:2)
  6 fungi
  5 plants
1169 creatures vanquished.

Vanquished Creatures (others)
  An ice beast (D:6)
  A worker ant (D:8)
  A sheep (Abyss:1)
  A human simulacrum (D:10)
  An orc (Orc:4)
  A giant spore (D:14)
  7 fungi
  5 plants
18 creatures vanquished.

Grand Total: 1187 creatures vanquished

Notes
Turn   | Place    | Note
--------------------------------------------------------------
     0 | D:1      | HollowCharge, the Merfolk Fighter, began the quest for the Orb.
     0 | D:1      | Reached XP level 1. HP: 18/18 MP: 1/1
    97 | D:1      | Reached XP level 2. HP: 14/24 MP: 2/2
   130 | D:1      | Reached skill level 1 in Dodging
   620 | D:1      | Reached XP level 3. HP: 25/29 MP: 3/3
   708 | D:1      | Reached skill level 4 in Polearms
  1005 | D:2      | Gained mutation: Your flesh is heat resistant. [potion of beneficial mutation]
  1076 | D:2      | Found a deep blue altar of Sif Muna.
  1482 | D:2      | Reached XP level 4. HP: 35/35 MP: 4/4
  1638 | D:3      | Noticed Ijyb
  1649 | D:3      | Killed Ijyb
  1891 | D:3      | Reached skill level 5 in Polearms
  1908 | D:3      | Noticed Herrn's ghost (average DjFi)
  1956 | D:3      | Killed Herrn's ghost
  1956 | D:3      | Reached XP level 5. HP: 6/42 MP: 5/5
  2269 | D:3      | Noticed Sigmund
  2552 | D:3      | Reached skill level 6 in Polearms
  2812 | D:4      | Reached XP level 6. HP: 48/48 MP: 6/6
  3072 | D:4      | Found a glowing golden altar of the Shining One.
  3073 | D:4      | Noticed an angel
  3079 | D:4      | Became a worshipper of the Shining One
  3088 | D:4      | Found a basalt altar of Yredelemnul.
  3089 | D:4      | Noticed a profane servitor
  3291 | D:4      | Found a blossoming altar of Fedhas.
  3546 | D:3      | Killed Sigmund
  3546 | D:3      | Reached skill level 7 in Polearms
  3741 | D:4      | HP: 1/49 [orc priest/orcish flail (8)]
  3766 | D:3      | Reached XP level 7. HP: 5/55 MP: 7/7
  4463 | D:5      | Entered Level 5 of the Dungeon
  5273 | D:5      | Acquired the Shining One's first power
  5348 | D:5      | Reached skill level 5 in Fighting
  5348 | D:5      | Reached skill level 8 in Polearms
  5567 | D:5      | Paralysed by a giant eyeball for 3 turns
  5650 | D:5      | Reached skill level 5 in Shields
  5693 | D:5      | Found an ancient bone altar of Kikubaaqudgha.
  6109 | D:5      | Reached XP level 8. HP: 42/62 MP: 8/8
  6469 | D:6      | Found a glowing silver altar of Zin.
  6946 | D:6      | Reached skill level 5 in Dodging
  7002 | D:6      | Found a staircase to the Ecumenical Temple.
  7041 | D:6      | Reached skill level 9 in Polearms
  7908 | D:7      | Found a sparkling altar of Nemelex Xobeh.
  7976 | D:7      | Reached skill level 10 in Polearms
  8224 | D:7      | Reached XP level 9. HP: 40/71 MP: 9/9
  8300 | D:7      | Noticed vev's ghost (experienced OgMo)
  8325 | D:7      | Killed vev's ghost
  8325 | D:7      | Reached skill level 11 in Polearms
  8724 | D:7      | Noticed Eustachio
  8744 | D:7      | Killed Eustachio
  8844 | D:7      | Acquired the Shining One's second power
  8847 | D:7      | Noticed a spriggan baker
  8858 | D:7      | Killed a spriggan baker
  9063 | D:8      | Noticed an angel
  9064 | D:8      | Found a shimmering altar of Xom.
  9064 | D:8      | Found a glowing silver altar of Zin.
  9126 | D:8      | Found Aluria's Gadget Shoppe.
  9170 | D:8      | Reached skill level 12 in Polearms
  9312 | D:8      | Noticed Duvessa
  9314 | D:8      | Noticed Dowan
  9316 | D:8      | Noticed Blork the orc
  9481 | D:8      | Killed Duvessa
  9495 | D:8      | Killed Dowan
 10003 | D:8      | Killed Blork the orc
 10003 | D:8      | Reached XP level 10. HP: 68/79 MP: 10/10
 10289 | D:8      | Found a glowing silver altar of Zin.
 10291 | D:8      | Noticed Maurice
 10311 | D:8      | Killed Maurice
 10311 | D:8      | Reached skill level 13 in Polearms
 10594 | D:9      | Found a radiant altar of Vehumet.
 11216 | D:10     | Entered Level 10 of the Dungeon
 11271 | D:10     | Found a staircase to the Lair.
 11345 | D:10     | Found a flagged portal.
 11388 | Bailey   | Entered a bailey
 11569 | Bailey   | Noticed an orc knight
 12982 | Bailey   | Killed an orc knight
 12982 | Bailey   | Reached skill level 14 in Polearms
 13157 | Bailey   | Reached XP level 11. HP: 67/87 MP: 11/11
 13780 | D:10     | Reached skill level 15 in Polearms
 13781 | D:10     | Noticed a hill giant
 13792 | D:10     | Killed a hill giant
 13944 | D:10     | Reached skill level 10 in Dodging
 14519 | Lair:1   | Entered Level 1 of the Lair of Beasts
 14519 | Lair:1   | Acquired the Shining One's third power
 14890 | Lair:1   | Noticed Fannar
 14917 | Lair:1   | Killed Fannar
 14969 | Lair:1   | Noticed Erica
 14992 | Lair:1   | Killed Erica
 15002 | Lair:1   | Reached skill level 10 in Fighting
 15004 | Lair:1   | Got a slimy trident
 15005 | Lair:1   | Identified the cursed +3,+0 trident of the Traitor {pierce, +Fly rPois rF+ SInv} (You found it on level 1 of the Lair of Beasts)
 15694 | Lair:1   | Reached skill level 16 in Polearms
 15924 | Lair:1   | Reached XP level 12. HP: 86/97 MP: 12/12
 16054 | Lair:2   | Identified the Catalogue of Damaging Ignition
 16814 | Lair:3   | Found a staircase to the Swamp.
 16817 | Lair:3   | Got a steaming robe
 16893 | Lair:3   | Noticed a six-headed hydra
 17181 | Lair:3   | Noticed a fire dragon
 17181 | Lair:3   | a six-headed hydra changed into a fire dragon
 17215 | Lair:3   | Killed a fire dragon
 17569 | Lair:3   | Found a frozen archway.
 17595 | Lair:3   | Acquired the Shining One's fourth power
 17754 | Lair:3   | Reached skill level 17 in Polearms
 18920 | Lair:4   | Found a hole to the Spider Nest.
 18984 | Lair:4   | Reached skill level 10 in Shields
 19189 | Lair:5   | Found a basalt altar of Yredelemnul.
 19276 | Lair:5   | Reached skill level 18 in Polearms
 19276 | Lair:5   | Reached XP level 13. HP: 100/106 MP: 13/13
 20005 | Lair:6   | Found a staircase to the Slime Pits.
 20005 | Lair:6   | Found a viscous altar of Jiyva.
 20370 | Lair:6   | Noticed Rupert
 21139 | Lair:7   | Identified the cursed +0 robe of the Leaf {rElec rF+ rN+} (You found it on level 3 of the Lair of Beasts)
 21656 | Lair:7   | Reached skill level 19 in Polearms
 22274 | Lair:8   | Entered Level 8 of the Lair of Beasts
 22534 | Lair:8   | Noticed Nergalle
 22599 | Lair:8   | Killed Nergalle
 22993 | Lair:8   | Reached XP level 14. HP: 105/116 MP: 14/14
 23527 | Lair:8   | Reached skill level 20 in Polearms
 23694 | Lair:8   | Identified a scroll of acquirement
 25059 | D:11     | Found a staircase to the Orcish Mines.
 25090 | D:11     | Identified the Reference Book on Air and Confrontation
 25174 | D:11     | Paralysed by a giant eyeball for 4 turns
 25897 | Orc:1    | Entered Level 1 of the Orcish Mines
 25897 | Orc:1    | Found Vegadese's Jewellery Emporium.
 25933 | Orc:1    | Bought an uncursed amulet of resist corrosion for 260 gold pieces
 26304 | Orc:2    | Found a roughly hewn altar of Beogh.
 27085 | Orc:3    | Found a shimmering altar of Xom.
 27834 | Orc:4    | Entered Level 4 of the Orcish Mines
 28680 | Orc:4    | Found Mnoyb's General Store.
 28681 | Orc:4    | Paralysed by an orc sorcerer for 5 turns
 28991 | Orc:4    | Found Paseah's Antique Weapon Shoppe.
 29052 | Orc:4    | Paralysed by an orc sorcerer for 5 turns
 29207 | Orc:4    | Found Thucs' Book Boutique.
 29357 | Orc:4    | Bought a potion of curing for 34 gold pieces
 29406 | Orc:4    | Found a staircase to the Elven Halls.
 29425 | Orc:4    | Found Prac's Antique Armour Emporium.
 29425 | Orc:4    | Noticed an orc warlord
 29600 | Orc:3    | Killed an orc warlord
 29921 | Orc:3    | Reached skill level 21 in Polearms
 30305 | Orc:4    | Gained mutation: Armour fits poorly on your strangely shaped body. [a neqoxec]
 30374 | Orc:4    | Bought an embroidered cloak for 32 gold pieces
 30625 | Lair:1   | Upgraded the game from 0.14-a0-2359-g1e808ab to 0.14-a0-2374-ge879b5e
 31134 | D:12     | Reached XP level 15. HP: 27/124 MP: 15/15
 33718 | D:13     | The Shining One protects you from harm!
 33757 | D:13     | Reached skill level 15 in Dodging
 35011 | D:14     | Reached skill level 22 in Polearms
 35153 | D:14     | Found a gate to the Vaults.
 35226 | D:14     | Cast into the Abyss (wizard)
 35796 | Abyss:1  | Noticed a ghoul
 35836 | Abyss:1  | The Shining One protects you from harm!
 35839 | Abyss:1  | Killed a ghoul
 36277 | Abyss:1  | Reached XP level 16. HP: 38/130 MP: 1/16
 36361 | Abyss:1  | Noticed a lich
 36380 | Abyss:1  | Killed a lich
 36588 | Abyss:1  | HP: 3/130 [tentacled starspawn (33)]
 36596 | Abyss:1  | HP: 1/130 [tentacled starspawn (4)]
 36599 | Abyss:1  | The Shining One protects you from harm!
 36599 | Abyss:1  | Slain by a tentacled starspawn

Action                   |  1- 3 |  4- 6 |  7- 9 | 10-12 | 13-15 | 16-18 || total
-------------------------+-------+-------+-------+-------+-------+-------++-------
Melee: Trident           |   123 |   306 |   554 |  1733 |  3705 |   168 ||  6589
       Spear             |       |       |       |    47 |       |       ||    47
 Abil: Evoke Jump Attack |       |       |       |     1 |       |       ||     1
Evoke: Wand              |       |     2 |     5 |    33 |     9 |     4 ||    53
  Use: Scroll            |     3 |     5 |    21 |    15 |    20 |     3 ||    67
       Potion            |     1 |     3 |       |       |    11 |     1 ||    16
 Stab: Distracted        |       |       |     1 |       |     1 |       ||     2
